 Dungeon Sprint DCSS version 0.31-a0-691-g409c26aa35 (webtiles) character file.

Game seed: 8685748312018599301

1229 rocky1 the Martial Artist (level 8, -30/84 HPs)
             Began as a Djinni Shapeshifter on Sept 6, 2023.
             Was an Initiate of Gozag.
             Annihilated by a boulder beetle (45 damage)
             ... in the Dungeon (Sprint IX: "|||||||||||||||||||||||||||||").
             The game lasted 00:01:50 (781 turns).

rocky1 the Martial Artist (Djinni Shapeshifter)      Turns: 781, Time: 00:01:50

Health: -30/84     AC:  7    Str: 13    XL:     8   Next: 77%
Gold:   567        EV: 16    Int: 13    God:    Gozag SH:  0 Dex: 17

rFire   + +          .
                       - Unarmed
rCold   x . .        (no shield)
rNeg    . . .        l - +2 ring mail
rPois   ∞            (helmet currently unavailable)
rElec   .            (cloak currently unavailable)
rCorr   .            (gloves currently unavailable)
SInv    .            (boots unavailable)
Will    .....        (no amulet) Stlth
                     p - +2 ring of evasion
HPRegen 0.34/turn    o - +3 ring of dexterity
MPRegen 0.00/turn

%: no teleportation, infuse magic (-31 HP)
@: berserking (expiring), beast-form, gold aura, flying, very quick
A: beast (slay +4), flying, sickness immunity, fire resistance 2, cold
vulnerability 1, float, innate caster, HP casting, extra vitality 1
a: Begin Untransformation, Renounce Religion, Potion Petition, Call Merchant,
Bribe Branch


You were in the Dungeon.
You worshipped Gozag.
Gozag was pleased with you.
You were a hulking beast.
You visited 1 branch You collected 567 gold pieces.

Inventory:

Hand Weapons
 k - a +2 scimitar of flaming
Armour
 a - a +0 animal skin
 l - a +2 ring mail (worn)
 m - a +0 cloak
 n - a +0 helmet
Jewellery
 o - a +3 ring of dexterity (right hand)
 p - a +2 ring of evasion (left hand)
Talismans
 c - a beast talisman (active)
 d - a flux talisman
Wands
 j - a wand of quicksilver (5)
Scrolls
 i - 2 scrolls of blinking
Potions
 b - a potion of invisibility
 e - 5 potions of curing
 f - 2 potions of heal wounds
 g - a potion of haste


   Skills:
 + Level 3.1 Fighting
 + Level 1.7 Armour
 + Level 7.9 Dodging
 + Level 0.5 Stealth
 + Level 12.6 Unarmed Combat
 + Level 1.8 Evocations
 + Level 9.6 Shapeshifting


You knew the following spells:

 Your Spells              Type           Power      Damage    Failure   Level
a - Foxfire               Conj/Fire      0%         2x1d4     54%         1
b - Static Discharge      Conj/Air       0%         2-2/arc   69%         2
c - Ignite Poison         Fire/Tmut/Pois 0%         N/A       89%         3
Your spell library was empty.

Dungeon Overview and Level Annotations

Branches:
Dungeon (1/1)

Altars:
Cheibriados
Dithmenos
Elyvilon
Fedhas
Gozag
Hepliaklqana
Makhleb
Nemelex Xobeh
Okawaru
Qazlal
Ru
Trog
Uskayaw
Wu Jian
Xom
Yredelemnul
Zin
The Shining One
Jiyva
Lugonu


Innate Abilities, Weirdness & Mutations

You are a hulking beast.
Your limbs bulge with bestial killing power. (Slay +4)
You are flying.
You are immune to sickness and miasma.
You are immune to poison.
Your flesh is very heat resistant. (rF++)
You are vulnerable to cold. (rC-)
You float through the air rather than walking.
You learn spells naturally, not from books.
Your magical power is your life essence.
You have superior vitality. (+4 MHP)


Message History

Aim: a cyclops, quivering large rocks (moderately wounded, 98% to hit)
The bolt of dispelling energy hits the cyclops!
The cyclops is heavily wounded.
The bolt of dispelling energy hits the cyclops!
The cyclops is moderately wounded.
The bolt of dispelling energy hits the white ugly thing!!
The white ugly thing is moderately wounded.
The bolt of dispelling energy misses the centaur warrior.
The bolt of dispelling energy hits the troll!
The troll is heavily wounded.
The boulder beetle bites you!
You feel much better. The cyclops hits you!! The boulder beetle bites you.
A red film seems to cover your vision as you go berserk!
You feel yourself moving faster!
You feel mighty! The boulder beetle bites you! The cyclops hits you!
* * * LOW HITPOINT WARNING * * *
You punch the boulder beetle! Your punch misses the boulder beetle.
The boulder beetle is lightly wounded.
You punch the boulder beetle!
The boulder beetle is moderately wounded.
The boulder beetle leaps!
The cyclops closely misses you.
You feel a strong urge to attack something.
The boulder beetle curls into a ball and begins rolling!
The cyclops closely misses you.
There is an open door here.
You punch the cyclops!
The cyclops is heavily wounded.
You punch the cyclops!
The cyclops is almost dead.
You pummel the cyclops!!
You kill the cyclops!
Your Fighting skill increases to level 3!
Your Armour skill increases to level 1!
Your Unarmed Combat skill increases to level 12!
You punch the boulder beetle!
The boulder beetle is heavily wounded.
The boulder beetle hits you!!!
Ouch! That really hurt!
You die...
Your body crumbles into a pile of gold. ▓▓▓▓▓▓▓▓▓▓▓▓▓▓▓▓▓▓▓▓▓▓▓▓ !?)......)..°°°Bh$CucT.+ ▓▓▓▓▓▓▓▓▓▓▓▓▓▓▓▓▓▓▓▓▓▓▓▓

You could see a boulder beetle (rolling), a white ugly thing, a centaur warrior, a cyclops and a troll.

Vanquished Creatures
  A cyclops (D)
  A vampire (D)
  A yak (D)
  An acid dragon (D)
  An orc warrior (D)
  A centaur (D)
  A kobold brigand (D)
  A killer bee (D)
  2 hounds (D)
  2 iguanas (D)
  An endoplasm (D)
  A frilled lizard (D)
  A goblin (D)
  A kobold (D)
  A rat (D)
17 creatures vanquished.

Notes
Turn   | Place    | Note
-------+----------+-------------------------------------------
     0 | D        | rocky1 the Djinni Shapeshifter began the quest for the Orb.
     0 | D        | Reached XP level 1. HP: 17/17 MP: 0/0
    45 | D        | Noticed a centaur
    45 | D        | Noticed a hound
    45 | D        | Noticed an iguana
    45 | D        | Noticed a hound
    45 | D        | Noticed an iguana
    52 | D        | Killed a centaur
    53 | D        | Reached skill level 6 in Unarmed Combat
    53 | D        | Reached skill level 5 in Shapeshifting
    53 | D        | Reached XP level 2. HP: 8/23 MP: 0/0
    53 | D        | Reached XP level 3. HP: 10/28 MP: 0/0
    53 | D        | Learned a level 1 spell: Foxfire
    53 | D        | Reached XP level 4. HP: 12/33 MP: 0/0
    61 | D        | Reached XP level 5. HP: 13/38 MP: 0/0
    61 | D        | Learned a level 2 spell: Static Discharge
    67 | D        | Reached skill level 7 in Unarmed Combat
    68 | D        | Reached XP level 6. HP: 17/43 MP: 0/0
   376 | D        | Found a snail-covered altar of Cheibriados.
   376 | D        | Found a shadowy altar of Dithmenos.
   376 | D        | Found a white marble altar of Elyvilon.
   376 | D        | Found a blossoming altar of Fedhas.
   376 | D        | Found an opulent altar of Gozag.
   377 | D        | Found a hazy altar of Hepliaklqana.
   378 | D        | Found a viscous altar of Jiyva.
   380 | D        | Found a corrupted altar of Lugonu.
   381 | D        | Found a burning altar of Makhleb.
   382 | D        | Found a sparkling altar of Nemelex Xobeh.
   383 | D        | Found an iron altar of Okawaru.
   384 | D        | Became a worshipper of Gozag Ym Sagoz the Greedy
   385 | D        | Found a stormy altar of Qazlal.
   386 | D        | Found a sacrificial altar of Ru.
   388 | D        | Found a bloodstained altar of Trog.
   389 | D        | Found a hide-covered altar of Uskayaw.
   391 | D        | Found an ornate altar of the Wu Jian Council.
   392 | D        | Found a shimmering altar of Xom.
   393 | D        | Found a basalt altar of Yredelemnul.
   394 | D        | Found a glowing silver altar of Zin.
   395 | D        | Found a glowing golden altar of the Shining One.
   439 | D        | Noticed an orc warrior
   439 | D        | Noticed a yak
   439 | D        | Noticed a vampire
   439 | D        | Noticed an acid dragon
   447 | D        | Reached skill level 5 in Dodging
   447 | D        | Reached skill level 8 in Unarmed Combat
   456 | D        | Killed a yak
   457 | D        | Reached skill level 10 in Unarmed Combat
   457 | D        | Reached XP level 7. HP: 31/49 MP: 0/0
   457 | D        | Learned a level 3 spell: Ignite Poison
   459 | D        | Killed a vampire
   460 | D        | Reached skill level 11 in Unarmed Combat
   460 | D        | Reached skill level 1 in Evocations
   460 | D        | Reached XP level 8. HP: 25/55 MP: 0/0
   767 | D        | Noticed a cyclops
   767 | D        | Noticed a cyclops
   767 | D        | Noticed a boulder beetle
   767 | D        | Noticed a white ugly thing
   767 | D        | Noticed a centaur warrior
   767 | D        | Noticed a troll
   780 | D        | Killed a cyclops
   781 | D        | Reached skill level 1 in Armour
   781 | D        | Reached skill level 12 in Unarmed Combat
   781 | D        | Annihilated by a boulder beetle

Illustrated notes

Levels and vault maps discovered:
D:        linesprint [early_d, line_temple, items_1, d_10, items_2, lair_1,
          lair_end, items_3, orc_1, orc_end, items_4, d_15, swamp_1, shoals_1,
          snake_1, spider_1, d_20, vaults_1, items_5, swamp_end, shoals_end,
          snake_end, spider_end, vaults_end, d_27, items_6, zot_1, zot_end,
          crypt_end, forest_end, elf_end, slime_end, tomb_end, abyss_end,
          pan_hell_end]

Skill      XL: |  1  2  3  4  5  6  7  8 |
---------------+-------------------------+-----
Shapeshifting  | 5 6 8 9 |  9.6
Dodging        | 3 4 6 7 |  7.9
Unarmed Combat | 6 7 10 11 12 | 12.6
Fighting       | 2 3 |  3.1
Evocations     | 1 |  1.8
Armour         | 1 |  1.7
Stealth        | |  0.5

Action                     |  1- 3 |  4- 6 |  7- 9 || total
---------------------------+-------+-------+-------++-------
  Melee: Unarmed           |    13 |    29 |    12 ||    54
  Evoke: Wand              |       |     3 |     2 ||     5
    Use: Potion            |     1 |       |     2 ||     3
 Armour: Skin              |    13 |    11 |       ||    24
         Animal skin       |     4 |       |       ||     4
         Ring mail         |       |     6 |    10 ||    16
  Dodge: Dodged            |     7 |    10 |     6 ||    23

Table legend: (Time is in decaauts)
 A = Elapsed time spent in this place.
 B = Non-inter-level travel time spent in this place.
 C = Inter-level travel time spent in this place.
 D = Time resting spent in this place.
 E = Time spent auto-exploring this place.
 F = Levels seen in this place.
 G = Mean time per level.
                   A        B        C        D        E       F      G
               +--------+--------+--------+--------+--------+-----+--------+
         Total |    771 |    771 |      0 |    619 |      0 |   1 |  771.0 |
       Dungeon |    771 |    771 |      0 |    619 |      0 |   1 |  771.0 |
               +--------+--------+--------+--------+--------+-----+--------+

Top non-repeatable levels by time:
       D: 771 daAuts
